 Dungeon Crawl Stone Soup version 0.28-a0-1555-g9ae15a6949 (webtiles) character file.

Game seed: 8294009846181731035

156 Crownlay the Chopper (level 5, -4/48 HPs)
             Began as a Hill Orc Fighter on Jan 18, 2022.
             Slain by an ogre (21 damage)
             ... on level 3 of the Dungeon.
             The game lasted 00:02:52 (3018 turns).

Crownlay the Chopper (Hill Orc Fighter)             Turns: 3018, Time: 00:02:53

Health: -4/48      AC:  6    Str: 21    XL:     5   Next: 38%
Magic:  0/5        EV:  9    Int:  8    God:
Gold:   136        SH:  4    Dex: 10    Spells: 4/4 levels left

rFire   . . .      SeeInvis .   a - +0 war axe
rCold   . . .      Faith    .   c - +0 buckler
rNeg    . . .      Spirit   +   b - +0 scale mail
rPois   .          Reflect  .   (no helmet)
rElec   .          Harm     .   (no cloak)
rCorr   .          Rampage  .   (no gloves)
Will    .....                   (no boots)
Stlth   ..........              l - amulet of guardian spirit
HPRegen 0.16/turn               (no ring)
MPRegen 0.09/turn               (no ring)

@: no status effects
A: no striking features
a: no special abilities


You were on level 3 of the Dungeon.
You visited 1 branch of the dungeon, and saw 3 of its levels.

You collected 136 gold pieces.

Inventory:

Hand Weapons
 a - a +0 war axe (weapon)
 o - a +0 hunting sling
Missiles
 n - 63 sling bullets
Armour
 b - a +0 scale mail (worn)
 c - a +0 buckler (worn)
Jewellery
 g - a ring of ice
 l - an amulet of guardian spirit (around neck)
Wands
 k - a wand of flame (7)
Scrolls
 e - a scroll of fear {unknown}
 h - 2 scrolls of teleportation {unknown}
 i - 2 scrolls of identify {unknown}
 m - a scroll of vulnerability {unknown}
Potions
 d - a potion of might
 f - a potion of lignification {unknown}
 j - a potion of berserk rage {unknown}


   Skills:
 - Level 5.0 Fighting
 + Level 5.5 Axes
 - Level 3.2 Armour
 - Level 4.0 Shields


You had 4 spell levels left.
You didn't know any spells.
Your spell library was empty.

Dungeon Overview and Level Annotations

Branches:
Dungeon (3/15)

Altars:


Message History

You are too injured to fight recklessly!
You are too injured to fight recklessly!
Fire: 57 sling bullets
Press: ? - help, Shift-Dir - straight line, f - frilled lizard
Aim: a frilled lizard (38% to hit)
You shoot a sling bullet.
The sling bullet hits the frilled lizard!
You kill the frilled lizard!
Fire: 56 sling bullets
Press: ? - help, Shift-Dir - straight line, f - you
n - 61 sling bullets (gained 5)
Things that are here:
a +0 short sword; a +0 leather armour
Found an escape hatch in the floor.
n - 64 sling bullets (gained 3)
n - 65 sling bullets (gained 1)
You see here a frilled lizard corpse.
a - a +0 war axe (weapon)
Found a leather armour.
An ogre comes into view. It is wielding a +0 giant club.
The ogre shouts!
There is an open door here.
o - a +0 hunting sling (weapon)
You shoot a sling bullet. The sling bullet hits the ogre!
The ogre is heavily wounded.
You shoot a sling bullet. The sling bullet hits the ogre!
The ogre is severely wounded.
a - a +0 war axe (weapon)
The ogre hits you with a +0 giant club!!
You slash the ogre!
The ogre is almost dead.
The ogre hits you with a +0 giant club!
You are too injured to fight recklessly!
You are too injured to fight recklessly!
You are too injured to fight recklessly!
You are too injured to fight recklessly!
You barely miss the ogre.
The ogre is almost dead.
The ogre hits you with a +0 giant club!!
You die...

..............##.#
.....<.....#####.#
...........<..##.#
........†..##.##.#
...........'..##.#
...........#####.#
............))))>#
.######'##########
#...>@O(.....
#........(...
#......[.....
#.............
#...#+########
..... ..... ....


You could see an ogre.

Vanquished Creatures
  An orc priest (D:3)
  2 orc wizards (D:3)
  2 adders
  An adder skeleton (D:2)
  3 worms
  A dart slug (D:2)
  2 orcs (D:3)
  4 ball pythons
  3 endoplasms
  2 giant cockroaches (D:1)
  5 goblins
  3 hobgoblins
  6 kobolds
  A quokka (D:1)
  A bat (D:1)
  3 frilled lizards
  8 rats
48 creatures vanquished.

Notes
Turn   | Place    | Note
-------+----------+-------------------------------------------
     0 | D:1      | Crownlay the Hill Orc Fighter began the quest for the Orb.
     0 | D:1      | Reached XP level 1. HP: 19/19 MP: 1/1
   142 | D:1      | Reached XP level 2. HP: 9/27 MP: 2/2
  1302 | D:2      | Reached XP level 3. HP: 33/33 MP: 3/3
  1505 | D:2      | Found a faded altar of an unknown god.
  2098 | D:2      | Reached XP level 4. HP: 37/41 MP: 2/4
  2790 | D:3      | Reached skill level 5 in Fighting
  2790 | D:3      | Reached skill level 5 in Axes
  2790 | D:3      | Reached XP level 5. HP: 38/48 MP: 3/5
  3011 | D:3      | Noticed an ogre
  3018 | D:3      | Slain by an ogre

Illustrated notes

Levels and vault maps discovered:
D:1:      saegor_arrival_fortress, layout_loops_ring, hangedman_decor_opposing
D:2:      layout_loops_ring, shapermc_ecumenical_altar_totnotflames
D:3:      layout_basic, amcnicky_altar_gilded

Skill      XL: |  1  2  3  4 |
---------------+-------------+-----
Axes           | 3 4 5 |  5.5
Fighting       | 4 5 |  5.0
Shields        | 4 |  4.0
Armour         | |  3.2

Action                   |  1- 3 |  4- 6 || total
-------------------------+-------+-------++-------
Melee: War axe           |    94 |    34 ||   128
 Fire: Hunting sling     |       |    35 ||    35
Armor: Scale mail        |    33 |    26 ||    59
Dodge: Dodged            |    41 |    16 ||    57
Block: Buckler           |    18 |    16 ||    34

Table legend: (Time is in decaauts)
 A = Elapsed time spent in this place.
 B = Non-inter-level travel time spent in this place.
 C = Inter-level travel time spent in this place.
 D = Time resting spent in this place.
 E = Time spent auto-exploring this place.
 F = Levels seen in this place.
 G = Mean time per level.
                   A        B        C        D        E       F      G
               +--------+--------+--------+--------+--------+-----+--------+
         Total |   3068 |   2845 |    223 |      0 |   2449 |   3 | 1022.7 |
       Dungeon |   3068 |   2845 |    223 |      0 |   2449 |   3 | 1022.7 |
               +--------+--------+--------+--------+--------+-----+--------+

Top non-repeatable levels by time:
     D:1: 1400 daAuts
     D:2: 1100 daAuts
     D:3: 567 daAuts
